 Dungeon Crawl Stone Soup version 0.28.0-1-gb440e238dd (webtiles) character file.

Game seed: 5715746140510732588

10046 pkoi the Zephyrmancer (level 11, -15/74 HPs)
             Began as a Red Draconian Air Elementalist on Feb 25, 2022.
             Was a Follower of Sif Muna.
             Demolished by a shadow (31 damage)
             ... on level 10 of the Dungeon.
             The game lasted 00:22:52 (16461 turns).

pkoi the Zephyrmancer (DrAE)                       Turns: 16461, Time: 00:22:53

Health: -15/74     AC: 11    Str: 11    XL:     11   Next: 31%
Magic:  11/20      EV: 16    Int: 26    God:    Sif Muna [*.....]
Gold:   248        SH:  0    Dex: 11    Spells: 6/22 levels left

rFire   + . .      SeeInvis .   y - +2 whip (venom)
rCold   . . .      Faith    .   (no shield)
rNeg    . . .      Spirit   .   (armour unavailable)
rPois   .          Reflect  .   F - +0 hat {Stlth+}
rElec   .          Harm     .   e - +0 cloak
rCorr   .          Rampage  .   f - +0 pair of gloves
Will    .....                   l - +1 pair of boots
Stlth   +++.......              a - amulet of magic regeneration
HPRegen 0.22/turn               j - +4 ring of evasion
MPRegen 0.57/turn               z - +6 ring of intelligence

@: slowed, very slow
A: breathe fire, AC +7, unfitting armour, fire resistance 1, cold-blooded
a: Breathe Fire, Renounce Religion, Channel Magic


You were on level 10 of the Dungeon.
You worshipped Sif Muna.
Sif Muna was aware of your devotion.
You visited 2 branches of the dungeon, and saw 12 of its levels.

You collected 710 gold pieces.
You spent 462 gold pieces at shops.

Inventory:

Hand Weapons
 c - a +0 dagger of electrocution
 h - a +0 long sword
 k - a +4 whip
 y - a +2 whip of venom (weapon)
Armour
 e - a +0 cloak (worn)
 f - a +0 pair of gloves (worn)
 l - a +1 pair of boots (worn)
 F - a +0 hat of stealth (worn)
Jewellery
 a - an amulet of magic regeneration (around neck)
 j - a +4 ring of evasion (left hand)
 o - a ring of wizardry
 r - a ring of willpower
 z - a +6 ring of intelligence (right hand)
Wands
 d - a wand of paralysis (6)
 q - a wand of charming (8)
 C - a wand of acid (6)
 D - a wand of mindburst (8)
Scrolls
 n - a scroll of fear
 p - a scroll of immolation {unknown}
 t - a scroll of amnesia
 u - 3 scrolls of identify
 w - a scroll of teleportation
 x - a scroll of enchant weapon {unknown}
 B - a scroll of blinking
 E - a scroll of fog {unknown}
Potions
 b - 5 potions of curing
 g - 3 potions of lignification
 i - a potion of resistance
 m - 6 potions of heal wounds
 s - 2 potions of magic
 v - a potion of flight
 A - a potion of attraction {unknown}


   Skills:
 - Level 1.7 Dodging
 - Level 1.7 Stealth
 - Level 6.0 Spellcasting
 + Level 8.2 Conjurations
 - Level 6.0 Translocations
 + Level 11.2 Air Magic
 - Level 6.0 Poison Magic
 + Level 5.4 Invocations


You had 6 spell levels left.
You knew the following spells:

 Your Spells              Type           Power      Damage    Failure   Level
a - Shock                 Conj/Air       100%       1d9       1%          1
b - Static Discharge      Conj/Air       55%        N/A       1%          2
c - Airstrike             Air            30%        N/A       1%          4
d - Swiftness             Air            60%        N/A       1%          3
e - Poisonous Vapours     Pois/Air       100%       N/A       1%          2
f - Iskenderun's Mystic   Conj/Tloc      44%        2d10      3%          4

Your spell library contained the following spells:

 Spells                   Type           Power      Damage    Failure   Level
 Gell's Gravitas          Tloc           39%        N/A       1%          3
 Lesser Beckoning         Tloc           39%        N/A       1%          3
 Mephitic Cloud           Conj/Pois/Air  51%        N/A       1%          3
 Teleport Other           Tloc           39%        N/A       1%          3
 Spider Form              Tmut/Pois      23%        N/A       6%          3
 Iskenderun's Battlesphe  Conj           50%        2d10      6%          5
 Beastly Appendage        Tmut           14%        N/A       7%          1
 Wereblood                Tmut           7%         N/A       11%         2
 Freezing Cloud           Conj/Ice/Air   20%        6-21      14%         5
 Ozocubu's Armour         Ice            7%         N/A       21%         3
 Summon Ice Beast         Ice/Summ       7%         N/A       56%         4
 Metabolic Englaciation   Hex/Ice        3%         N/A       88%         5
 Summon Mana Viper        Hex/Summ       7%         N/A       88%         5
 Iron Shot                Conj/Erth      14%        9d4       89%         6
 Simulacrum               Ice/Necr       3%         N/A       100%        6
 Storm Form               Tmut/Air       18%        N/A       99%         7
 Monstrous Menagerie      Summ           3%         N/A       100%        7
 Spellforged Servitor     Conj/Summ      14%        N/A       100%        7
 Chain Lightning          Conj/Air       27%        3d36      100%        9
 Fire Storm               Conj/Fire      14%        8d4       100%        9
 Shatter                  Erth           3%         3d7*      100%        9


Dungeon Overview and Level Annotations

Branches:
Dungeon (11/15)            Temple (1/1) D:7            Lair (0/6) D:10
    Orc: D:9-12

Altars:
Ashenzari
Cheibriados
Dithmenos
Elyvilon
Fedhas
Gozag
Hepliaklqana
Kikubaaqudgha
Makhleb
Nemelex Xobeh
Okawaru
Qazlal
Ru
Sif Muna
Trog
Uskayaw
Vehumet
Wu Jian
Xom
Yredelemnul
Zin
The Shining One

Shops:
D:8 *[   D:9 =   D:10 =

Annotations:
D:10 3 runed translucent doors, Bearnado's ghost, journeyman MiBe; Jase's ghost, novice TrMo; dolemite99's ghost, novice DsGl


Innate Abilities, Weirdness & Mutations

You can breathe blasts of fire.
Your fiery red scales are hard. (AC +7)
You cannot fit into any form of body armour.
Your flesh is heat resistant. (rF+)
You are cold-blooded and may be slowed by cold attacks.


Message History

The howler monkey hoots and howls with incredible vigour!
A yak comes into view. x2
Unknown command.
Aiming: Airstrike (mildly dangerous; 1% risk of failure)
Press: ? - help, Q - select action, (/) - cycle Dir - move target, f/p - kobold demonologist
Aim: a kobold demonologist, wielding a +0 dagger and wearing a +0 robe (severely wounded, empty space bonus: 5/8)
The air twists around and strikes the kobold demonologist!
You kill the kobold demonologist!
Sif Muna accepts your kill.
The kobold throws a poisoned dart.
The poisoned dart hits you!
You are poisoned.
You feel sick.
The shadow strikes at you from the darkness!
* * * LOW HITPOINT WARNING * * *
Reactivating autopickup.
The kobold brigand throws a curare-tipped dart.
The curare-tipped dart hits you.
You are more poisoned.
You have difficulty breathing.
* * * LOW HITPOINT WARNING * * *
You feel yourself slow down.
You climb upwards.
Level annotation: 3 runed translucent doors, Bearnado's ghost, journeyman MiBe; Jase's ghost, novice TrMo; dolemite99's ghost, novice DsGl You feel extremely sick.
There is a stone staircase leading down here.
Unknown command.
You feel very sick. The shadow misses you.
You feel very sick.
You feel sick. The shadow hits you.
You feel sick.
You feel sick. The shadow barely misses you.
You feel sick.
You are no longer poisoned.
The shadow misses you.
The shadow slips into darkness.
The shadow flickers and vanishes!
Deactivating autopickup; reactivate with Ctrl-A.
The shadow strikes at you from the darkness!
You die...

..##.......###8.....8##....#.....
.#####'######=.......}#....#####.
....#....#..#♣.......♣####'#####.
....#....#..#⌠.....(.⌠# #.....##.
....#....#>.#♣WWW....♣ #.....##.
.##.#....#..####+++### #.....##.
.##.#....#...........# #.....##.
....######...........# #.....##.
.###.....#'#####@.#### #.....##.
...#..##.#........# #...#####
...#..##.#........#######...#....
...'..##.#..................#....
...#.....#..................#.###
...#.....#..................#....
#..#.....####################....
#..#####'###########..###...###'#
....##...........................


You could see Bearnado's ghost, Jase's ghost and dolemite99's ghost.

Vanquished Creatures
  Gastronok (D:10)
  A two-headed ogre (D:9)
  3 death yaks
  2 gargoyles
  A kobold demonologist (D:11)
  A troll (D:9)
  A hornet (D:9)
  A vampire (D:9)
  A wraith (D:10)
  A wyvern (D:10)
  8 yaks
  A steam dragon (D:6)
  Edmund (D:4)
  2 water moccasins
  5 orc warriors
  3 black bears
  2 ice beasts (D:6)
  2 necrophages (D:6)
  3 ogres
  2 centaurs
  4 kobold brigands
  4 bullfrogs
  3 scorpions
  3 killer bees
  3 wights (D:8)
  4 howler monkeys
  An electric eel (D:8)
  3 centaur zombies
  A gnoll shaman (D:6)
  2 bullfrog skeletons
  A hound (D:4)
  2 jellies (D:6)
  2 orc priests
  4 orc wizards
  2 iguanas
  A hell rat (D:10)
  2 scorpion zombies (D:5)
  2 howler monkey zombies
  3 gnolls (D:5)
  A howler monkey skeleton (D:6)
  4 adders
  A river rat (D:10)
  2 shadow imps
  3 white imps
  2 ufetubi (D:6)
  2 adder skeletons (D:4)
  3 dart slugs
  22 orcs
  5 ball pythons
  9 endoplasms
  2 giant cockroaches
  2 goblins (D:1)
  8 hobgoblins
  4 jackals (D:3)
  6 quokkas
  3 bats
  3 frilled lizards (D:2)
  20 kobolds
  2 quokka skeletons (D:4)
  6 rats
199 creatures vanquished.

Notes
Turn   | Place    | Note
-------+----------+-------------------------------------------
     0 | D:1      | pkoi the Draconian Air Elementalist began the quest for the
                  | Orb.
     0 | D:1      | Reached XP level 1. HP: 14/14 MP: 3/3
   259 | D:1      | Found a faded altar of an unknown god.
   836 | D:1      | Reached XP level 2. HP: 20/20 MP: 1/5
  1398 | D:2      | Reached skill level 4 in Air Magic
  1647 | D:2      | Learned a level 2 spell: Static Discharge
  1942 | D:2      | Reached XP level 3. HP: 26/26 MP: 2/6
  2722 | D:2      | Found a sacrificial altar of Ru.
  2895 | D:2      | Became a worshipper of Ru the Awakened
  3047 | D:2      | Reached XP level 4. HP: 23/33 MP: 3/7
  3751 | D:3      | Learned a level 4 spell: Airstrike
  4624 | D:4      | Noticed Edmund
  4656 | D:4      | Noticed an ogre
  4659 | D:4      | Killed an ogre
  4660 | D:4      | Reached skill level 5 in Air Magic
  4660 | D:4      | Reached XP level 5. HP: 38/38 MP: 7/9
  4687 | D:4      | Noticed a black bear
  4709 | D:3      | Killed a black bear
  4710 | D:3      | Reached skill level 6 in Air Magic
  4710 | D:3      | Reached XP level 6. HP: 34/45 MP: 5/10
  5083 | D:4      | Found a broken altar of Ashenzari.
  5096 | D:4      | Reached skill level 7 in Air Magic
  5292 | D:4      | Learned a level 3 spell: Swiftness
  5784 | D:5      | Entered Level 5 of the Dungeon
  6024 | D:5      | Identified a scroll of acquirement
  6024 | D:5      | Acquired pkoi's Papyrus of the Cloudy Compass
  6053 | D:5      | Your scales start taking on a fiery red colour.
  6053 | D:5      | Reached XP level 7. HP: 50/50 MP: 8/11
  6053 | D:5      | Gained mutation: Your flesh is heat resistant. (rF+) [Red
                  | Draconian growth]
  6062 | D:5      | Learned a level 2 spell: Poisonous Vapours
  6231 | D:5      | Reached skill level 1 in Poison Magic
  7684 | D:6      | Reached skill level 8 in Air Magic
  8366 | D:6      | Reached XP level 8. HP: 57/57 MP: 1/13
  8943 | D:6      | Learned a level 4 spell: Iskenderun's Mystic Blast
  9309 | D:6      | Reached skill level 5 in Spellcasting
  9309 | D:6      | Reached skill level 1 in Translocations
  9525 | D:6      | Reached XP level 9. HP: 59/62 MP: 5/16
  9880 | D:4      | Killed Edmund
  9881 | D:4      | Reached skill level 9 in Air Magic
 10180 | D:7      | Found a staircase to the Ecumenical Temple.
 10200 | Temple   | Entered the Ecumenical Temple
 10300 | Temple   | Fell from the grace of Ru
 10300 | Temple   | Became a worshipper of Sif Muna the Loreminder
 11402 | D:8      | Reached skill level 5 in Conjurations
 11501 | D:7      | Reached skill level 5 in Poison Magic
 11609 | D:8      | Found Romuuh's Armour Boutique.
 12079 | D:8      | Found Fifufe Gala's Demolitions Depot.
 12157 | D:8      | Bought a book of Power for 462 gold pieces
 12640 | D:9      | Found Vobeuf's Jewellery Shop.
 13107 | D:9      | Noticed a troll
 13385 | D:9      | Killed a troll
 13386 | D:9      | Reached XP level 10. HP: 69/69 MP: 4/19
 13567 | D:9      | Reached * piety under Sif Muna
 13622 | D:9      | Noticed a two-headed ogre
 13626 | D:9      | Killed a two-headed ogre
 13627 | D:9      | Reached skill level 10 in Air Magic
 13627 | D:9      | Reached skill level 1 in Invocations
 14053 | D:10     | Entered Level 10 of the Dungeon
 14085 | D:10     | Found Ukkut's Jewellery Shop.
 14098 | D:10     | Noticed a gargoyle
 14101 | D:10     | Killed a gargoyle
 14201 | D:10     | Found a runed translucent gate.
 14201 | D:10     | Found a runed translucent gate.
 14202 | D:10     | Found a runed translucent gate.
 14205 | D:10     | Noticed Bearnado's ghost (journeyman MiBe)
 14205 | D:10     | Noticed Jase's ghost (novice TrMo)
 14205 | D:10     | Noticed dolemite99's ghost (novice DsGl)
 14287 | D:10     | Noticed a death yak
 14376 | D:9      | Killed a death yak
 14377 | D:9      | Reached skill level 5 in Translocations
 14558 | D:10     | Found a staircase to the Lair.
 14715 | D:10     | Noticed a gargoyle
 14918 | D:9      | Killed a gargoyle
 15722 | D:10     | Noticed Gastronok
 15763 | D:10     | Killed Gastronok
 15764 | D:10     | Reached XP level 11. HP: 42/74 MP: 2/20
 15998 | D:10     | Noticed a death yak
 15999 | D:10     | Noticed a death yak
 16005 | D:10     | Killed a death yak
 16006 | D:10     | Reached skill level 11 in Air Magic
 16006 | D:10     | Reached skill level 5 in Invocations
 16034 | D:10     | Killed a death yak
 16461 | D:10     | Demolished by a shadow

Illustrated notes

Levels and vault maps discovered:
D:1:      pf_arrival_petrified_forest, layout_rooms,
          dreamdust_ecumenical_altar_statues, grunt_decor_cap,
          amethyst_killhole, roderic_lattice_a
D:2:      layout_basic, basic_altar
D:3:      layout_rooms
D:4:      layout_basic, cheibrodos_ashenzari_chains,
          hangedman_abyss_or_decor_slice, minmay_misc_feat_tower, uniq_edmund
D:5:      layout_loops_cross, guppyfry_early_orc_mine
D:6:      minmay_razor_zed, layout_basic
D:7:      layout_loops_cross, temple_pool_b
D:8:      layout_loops_corners, serial_shops, kennysheep_mini, chequers_jeans,
          nicolae_lava_and_water, chequers_serial_rivers_small_b,
          eino_small_chamber_without_monster, chequers_decorated_corner,
          nicolae_blasting_shop
D:9:      layout_cave_pools, serial_shops, nicolae_stop_n_shop_1,
          hangedman_decor_opposing, nzn_life_drinkers
D:10:     layout_stronghold, dpeg_lair_monsters, gammafunk_ghost_cemetery,
          serial_shops, nicolae_shop_crystal, uniq_gastronok
D:11:     kennysheep_spiral_hall, layout_rooms, kennysheep_generic_room_11
Temple:   mainiacjoe_temple_circle_huts

Skill      XL: |  1  2  3  4  5  6  7  8  9 10 11 |
---------------+----------------------------------+-----
Air Magic      | 4 5 6 7 8 9 10 11 | 11.2
Spellcasting   | 3 5 6 |  6.0
Poison Magic   | 2 4 5 6 |  6.0
Conjurations   | 2 4 6 7 8 |  8.2
Translocations | 1 3 6 |  6.0
Invocations    | 4 5 |  5.4
Dodging        | |  1.7
Stealth        | |  1.7

Action                   |  1- 3 |  4- 6 |  7- 9 | 10-12 || total
-------------------------+-------+-------+-------+-------++-------
Melee: Unarmed           |    25 |       |       |       ||    25
       Tailslap          |     2 |     2 |     3 |     1 ||     8
       Dagger            |    19 |    12 |    31 |       ||    62
       Punch             |     1 |     1 |       |       ||     2
       Whip              |       |       |       |     1 ||     1
 Cast: Shock             |    72 |   119 |    30 |       ||   221
       Airstrike         |       |       |   114 |    84 ||   198
       Poisonous Vapours |       |       |     8 |    16 ||    24
       Static Discharge  |       |       |       |     1 ||     1
 Abil: Breathe Fire      |       |       |     6 |     2 ||     8
  Use: Scroll            |       |     6 |     4 |       ||    10
       Potion            |       |       |     9 |       ||     9
 Stab: Sleeping          |       |     1 |       |       ||     1
Armor: Skin              |     9 |    12 |    14 |     4 ||    39
Dodge: Dodged            |    35 |    40 |    63 |    18 ||   156
